cohdb
Replays
Latest Replays
All Replays
Popular Replays
Top Player Replays
Match Explorer
How It Works
Community
CoH3 Stats
Reddit
Sign in to upload your games and track your stats! →
Sign in with Steam
Match 39429782
Unlisted
Match 39429782
Overview
Messages
Build Orders
End
Construct Weapon Support Center
Scout Squad
M1919 Machine Gun Team
M1919 Machine Gun Team
Sniper
Construct Barracks
Selects Heavy Weapons
Selects M2HB .50cal Heavy Machine Gun
M1919 Machine Gun Team
Mechanized Support Center
Construct Medical Station
Selects Assault Carriers
M3 Assault Carrier
Riflemen Squad
M3 Assault Carrier
Improvised Armor
Construct Motor Pool
M3 75 mm Gun Motor Carriage
Selects Rapid Reposition
M1 Anti-tank Gun Team
Engineer Squad
M3 Assault Carrier
M1 Anti-tank Gun Team
Selects Halftrack Strongpoints
Selects Bolstered Team Weapons
Riflemen Squad
Construct Tank Depot
M3 Assault Carrier
M3 75 mm Gun Motor Carriage
Riflemen Squad
Engineer Squad
M4A1 Sherman Medium Tank
M3 Assault Carrier
Engineer Squad
M18 Hellcat Tank Destroyer
Selects M26 Pershing Heavy Tank
M18 Hellcat Tank Destroyer
Riflemen Squad
Engineer Squad
M3 Assault Carrier
Basti
SneaKerz
gb_gbg
Punic army
Kevege
TransNigg@
0
0
Comments
sign in to comment!
No comments posted yet!